 Dungeon Crawl Stone Soup version 0.29.1-2-gbd0b4ee654 (webtiles) character file.

Game seed: 14935866013514705523

7830 croobank the Conjurer (level 11, -2/82 HPs)
             Began as a Demonspawn Conjurer on Oct 28, 2022.
             Was an Initiate of Gozag.
             Slain by an orc warrior
             ... wielding a +0 flail
              (10 damage)
             ... on level 9 of the Dungeon.
             The game lasted 00:44:38 (14675 turns).

croobank the Conjurer (Demonspawn Conjurer)        Turns: 14675, Time: 00:44:39

Health: -2/82      AC:  9    Str:  7    XL:     11   Next: 1%
Magic:  19/20      EV: 13    Int: 24    God:    Gozag
Gold:   579        SH:  9    Dex: 12    Spells: 3/22 levels left

rFire   + . .      SeeInvis .   a - +8 spear of the Harvest {flame, Fly}
rCold   . . .      Faith    .   p - +1 buckler
rNeg    . . .      Spirit   .   t - +2 steam dragon scales
rPois   +          Reflect  .   (helmet restricted)
rElec   .          Harm     .   y - +0 cloak
rCorr   .          Rampage  .   l - +0 pair of gloves
Will    .....                   (no boots)
Stlth   +++.......              k - amulet of magic regeneration
HPRegen 0.23/turn               v - ring of poison resistance
MPRegen 0.57/turn               K - ring of protection from fire

@: confusing by touch, flying
A: antennae 1, large bone plates 1, powered by pain 2, spiny 2
a: Renounce Religion, Potion Petition, Call Merchant, Bribe Branch


You were on level 9 of the Dungeon.
You worshipped Gozag.
Gozag was pleased with you.
You visited 2 branches of the dungeon, and saw 10 of its levels.

You collected 894 gold pieces.
You spent 184 gold pieces at shops.
You paid 131 gold pieces to Gozag.

Inventory:

Hand Weapons
 a - the +8 spear of the Harvest (weapon) {flame, Fly}
   (You bought it in a shop on level 3 of the Dungeon)

   It burns those it strikes, dealing additional fire damage.
   Fly:       It grants you flight.
 b - a +0 sling
 m - a +0 quarterstaff
 r - a +1 dagger of flaming
 u - a +2 whip of electrocution
 z - a +2 short sword of distortion
 B - a +2 scimitar of distortion
 I - a +2 quarterstaff of chaos
 M - a +2 hand axe of venom
 O - a +0 broad axe
Missiles
 C - 15 poisoned darts
 U - a throwing net (quivered)
Armour
 d - a +0 hat
 j - a +0 ring mail
 l - a +0 pair of gloves (worn)
 p - a +1 buckler (worn)
 t - +2 steam dragon scales (worn)
 y - a +0 cloak (worn)
 N - a +2 ring mail of positive energy
Magical Staves
 x - a staff of cold
 Q - a staff of fire
Jewellery
 g - a ring of wizardry
 k - an amulet of magic regeneration (around neck)
 v - a ring of poison resistance (left hand)
 F - a ring of willpower
 K - a ring of protection from fire (right hand)
 P - a +4 ring of slaying
Wands
 f - a wand of polymorph (6)
 s - a wand of flame (4)
 L - a wand of paralysis (6)
Scrolls
 e - a scroll of blinking
 h - 2 scrolls of enchant weapon
 n - a scroll of poison
 q - 2 scrolls of teleportation
 w - a scroll of amnesia
 E - 4 scrolls of vulnerability
 H - 2 scrolls of identify
 J - a scroll of immolation
 R - a scroll of brand weapon
Potions
 c - 2 potions of attraction
 i - a potion of brilliance
 o - 4 potions of curing
 A - a potion of lignification
 D - 2 potions of resistance
 G - a potion of berserk rage {unknown}
 S - a potion of might {unknown}
 T - a potion of ambrosia {unknown}
 V - a potion of heal wounds
 W - a potion of mutation {unknown}


   Skills:
 + Level 6.3 Fighting
 - Level 5.4 Ranged Weapons
 - Level 3.0 Armour
 + Level 6.3 Dodging
 - Level 5.0 Stealth
 - Level 3.0 Shields
 + Level 6.2 Spellcasting
 + Level 7.8 Conjurations
 + Level 5.2 Hexes
 * Level 1.5 Transmutations


You had 3 spell levels left.
You knew the following spells:

 Your Spells              Type           Power      Damage    Failure   Level
a - Magic Dart            Conj           100%       1d8       1%          1
b - Searing Ray           Conj           90%        2d7       1%          2
c - Dazzling Flash        Conj/Hex       76%        N/A       2%          3
d - Fulminant Prism       Conj/Hex       19%        3d11      7%          4
e - Confusing Touch       Hex            32%        N/A       3%          3
f - Slow                  Hex            100%       N/A       1%          1
g - Irradiate             Conj/Tmut      15%        3d16      38%         5

Your spell library contained the following spells:

 Spells                   Type           Power      Damage    Failure   Level
 Static Discharge         Conj/Air       26%        3-7/arc   3%          2
 Sublimation of Blood     Necr           7%         N/A       16%         2
 Gell's Gravitas          Tloc           7%         N/A       30%         3
 Teleport Other           Tloc           7%         N/A       30%         3
 Vampiric Draining        Necr           7%         2d6       30%         3
 Iskenderun's Battlesphe  Conj           45%        2d10      12%         5
 Iskenderun's Mystic Bla  Conj/Tloc      26%        2d7       21%         4
 Lightning Bolt           Conj/Air       13%        1d26      50%         5
 Petrify                  Tmut/Erth      11%        N/A       58%         4
 Silence                  Hex/Air        10%        N/A       67%         5
 Agony                    Necr           7%         N/A       96%         5
 Iron Shot                Conj/Erth      13%        9d3       97%         6
 Dispersal                Tloc           3%         N/A       100%        6
 Spellforged Servitor     Conj/Summ      13%        N/A       100%        7
 Maxwell's Capacitive Co  Air            3%         ∞         100%        8


Dungeon Overview and Level Annotations

Branches:
Dungeon (9/15)             Temple (1/1) D:6            Lair (0/5) D:9
    Orc: D:9-12

Altars:
Ashenzari
Cheibriados
Dithmenos
Fedhas
Gozag
Hepliaklqana
Kikubaaqudgha
Makhleb
Nemelex Xobeh
Okawaru
Qazlal
Ru
Sif Muna
Trog
Uskayaw
Vehumet
Wu Jian
Xom
Yredelemnul

Shops:
D:3 (

Annotations:
D:4 3 runed translucent doors, Icepheonix32's ghost, novice MiFi


Innate Abilities, Weirdness & Mutations

You have a pair of small antennae on your head.
You are partially covered in large bone plates. (SH +4)
You sometimes gain power by taking damage.
You are mostly covered in sharp spines.


Message History

The orc warrior shouts!
You hear a bellow!
A yak comes into view.
You hit the orc warrior but do no damage.
The orc warrior is struck by your spines.
The orc warrior hits you but does no damage.
You block the orc warrior's attack.
You hit the orc warrior. You burn the orc warrior.
The orc warrior is lightly wounded.
The orc warrior hits you with a +0 flail!
You barely miss the orc warrior.
The orc warrior is lightly wounded.
The orc warrior hits you with a +0 flail!
You hit the orc warrior. You burn the orc warrior.
The orc warrior is moderately wounded.
The orc warrior hits you with a +0 flail!
The yak gores you!
You are too injured to fight recklessly!
You are too injured to fight recklessly!
You are too injured to fight recklessly!
You are too injured to fight recklessly!
You are too injured to fight recklessly!
Casting: Magic Dart (safe; 1% risk of failure)
Confirm with . or Enter, or press ? or * to list all spells.
Your hands begin to glow red.
You block the orc warrior's attack. The yak is struck by your spines.
The yak gores you!
You barely miss the orc warrior.
The orc warrior is moderately wounded.
The orc warrior closely misses you. The yak is struck by your spines.
The yak misses you.
You hit the yak but do no damage.
The yak is lightly wounded.
The orc warrior is struck by your spines.
The orc warrior hits you with a +0 flail!!
* * * LOW HITPOINT WARNING * * *
You block the yak's attack. The yak attacks as you move away!
You block the yak's attack.
The orc warrior attacks as you move away!
The orc warrior hits you with a +0 flail!
You die...
Your body crumbles into a pile of gold.

##### ########### #####
....#....#......##....
#...#..#.#.....##o.#
#.#....#.#.#..##@Y#
..#..#.#...#.##..##
.)...#.....#....## #)####
#..##################### #.#
##.........§§......#....
#.#########.≈≈≈≈≈≈≈§≈.#####.#....
............≈.......≈.#####.#...#
##..........≈.#####.≈............
#..########.≈.....#.≈.......#.#.#


You could see a yak and an orc warrior.

Vanquished Creatures
  Harold (D:9)
  Pikel (D:7)
  Maggie (D:8)
  A komodo dragon (D:7)
  A hornet (D:9)
  A shadow (D:8)
  Sigmund (D:2)
  9 yaks
  A wyvern (D:8)
  5 steam dragons
  2 wargs (D:9)
  2 water moccasins
  6 orc warriors
  2 black bears
  3 centaurs
  3 lemures
  2 kobold brigands
  4 bullfrogs
  2 necrophages
  A gnoll sergeant (D:6)
  7 killer bees
  2 howler monkeys (D:8)
  5 hounds
  6 jellies
  7 orc priests
  Crazy Yiuf (D:2)
  2 gnoll boudas
  Natasha (thrice) (D:2)
  3 iguanas
  6 orc wizards
  Robin (D:1)
  13 gnolls
  7 adders
  3 white imps
  An ufetubus (D:5)
  3 worms
  2 dart slugs
  25 orcs
  5 endoplasms
  3 giant cockroaches (D:1)
  17 goblins
  7 hobgoblins
  6 jackals
  3 quokkas
  6 ball pythons
  5 bats
  A frilled lizard (D:1)
  15 kobolds
  5 rats
219 creatures vanquished.

Vanquished Creatures (others)
  An orc (D:6)
  3 fulminant prisms
  A fungus (D:2)
  8 plants (D:5)
13 creatures vanquished.

Grand Total: 232 creatures vanquished

Notes
Turn   | Place    | Note
-------+----------+-------------------------------------------
     0 | D:1      | croobank the Demonspawn Conjurer began the quest for the
                  | Orb.
     0 | D:1      | Reached XP level 1. HP: 13/13 MP: 3/3
   411 | D:1      | Gained mutation: You are partially covered in sharp spines.
                  | [demonic ancestry]
   411 | D:1      | Reached XP level 2. HP: 19/19 MP: 0/5
   414 | D:1      | Learned a level 2 spell: Searing Ray
  1285 | D:2      | Reached XP level 3. HP: 23/25 MP: 4/6
  1289 | D:2      | Learned a level 3 spell: Dazzling Flash
  1305 | D:2      | Noticed Natasha
  1311 | D:2      | Killed Natasha
  1312 | D:2      | Reached skill level 1 in Fighting
  1536 | D:2      | Noticed Natasha
  1540 | D:2      | Killed Natasha
  1541 | D:2      | Gained mutation: You are partially covered in large bone
                  | plates. (SH +4) [demonic ancestry]
  1541 | D:2      | Reached XP level 4. HP: 32/32 MP: 1/7
  1597 | D:2      | Noticed Natasha
  1624 | D:2      | Found a shadowy altar of Dithmenos.
  1695 | D:2      | Killed Natasha
  1858 | D:2      | Found a faded altar of an unknown god.
  1973 | D:2      | Noticed Sigmund
  2023 | D:2      | Found a runed translucent door.
  2024 | D:2      | Noticed Crazy Yiuf
  2373 | D:3      | Gained mutation: You sometimes gain a little power by
                  | taking damage. [demonic ancestry]
  2373 | D:3      | Reached XP level 5. HP: 23/38 MP: 9/9
  2714 | D:3      | Found Zocwer's Antique Weapon Boutique.
  3700 | D:4      | Noticed a black bear
  3710 | D:4      | Killed a black bear
  3711 | D:4      | Reached skill level 1 in Hexes
  3711 | D:4      | Reached XP level 6. HP: 21/44 MP: 8/10
  3956 | D:4      | Found a shadowy altar of Dithmenos.
  3984 | D:4      | Reached skill level 1 in Ranged Weapons
  4302 | D:4      | Found a runed translucent gate.
  4302 | D:4      | Found a runed translucent gate.
  4303 | D:4      | Found a runed translucent gate.
  4305 | D:4      | Noticed Icepheonix32's ghost (novice MiFi)
  4441 | D:4      | Found an ornate altar of the Wu Jian Council.
  4642 | D:5      | Entered Level 5 of the Dungeon
  4719 | D:5      | Found a stormy altar of Qazlal.
  4726 | D:5      | Reached skill level 1 in Shields
  4836 | D:5      | Noticed a yak
  4837 | D:5      | Noticed a yak
  4846 | D:5      | Noticed a yak
  4855 | D:5      | Killed a yak
  4855 | D:5      | Killed a yak
  4856 | D:5      | Reached skill level 1 in Armour
  4856 | D:5      | Reached skill level 5 in Conjurations
  4856 | D:5      | Reached XP level 7. HP: 36/51 MP: 3/12
  4869 | D:5      | Killed a yak
  5358 | D:5      | Gained mutation: You sometimes gain power by taking damage.
                  | [demonic ancestry]
  5358 | D:5      | Reached XP level 8. HP: 58/58 MP: 10/13
  7358 | D:6      | Reached XP level 9. HP: 20/65 MP: 15/15
  7903 | D:6      | Found a staircase to the Ecumenical Temple.
  8022 | Temple   | Entered the Ecumenical Temple
  8421 | D:3      | Bought a twisted spear for 184 gold pieces
  8421 | D:3      | Identified the +8 spear of the Harvest {flame, Fly} (You
                  | bought it in a shop on level 3 of the Dungeon)
  8972 | D:7      | Reached skill level 6 in Conjurations
  9362 | D:7      | Noticed a komodo dragon
  9513 | D:2      | Noticed Robin
  9585 | D:1      | Killed Robin
  9611 | D:2      | Killed Sigmund
  9811 | D:2      | Killed Crazy Yiuf
 10061 | D:7      | Killed a komodo dragon
 10062 | D:7      | Reached skill level 5 in Stealth
 10078 | D:7      | Noticed Pikel
 10162 | D:7      | Killed Pikel
 10163 | D:7      | Reached skill level 5 in Dodging
 10627 | D:7      | Reached skill level 5 in Spellcasting
 11039 | D:8      | Reached skill level 5 in Fighting
 11077 | D:8      | Gained mutation: You have a pair of small antennae on your
                  | head. [demonic ancestry]
 11077 | D:8      | Reached XP level 10. HP: 64/74 MP: 14/17
 11689 | D:8      | Found a burning altar of Makhleb.
 11689 | D:8      | Found an opulent altar of Gozag.
 11698 | D:8      | Became a worshipper of Gozag Ym Sagoz the Greedy
 11814 | D:8      | Noticed Maggie
 11821 | D:8      | Learned a level 4 spell: Fulminant Prism
 11836 | D:8      | Killed Maggie
 11983 | D:8      | Reached skill level 7 in Conjurations
 12183 | D:8      | Reached skill level 5 in Hexes
 12630 | D:8      | Found a broken altar of Ashenzari.
 13242 | D:9      | Found a shimmering altar of Xom.
 13245 | D:9      | Found a blossoming altar of Fedhas.
 13314 | D:9      | Reached skill level 5 in Ranged Weapons
 13459 | D:9      | Learned a level 3 spell: Confusing Touch
 13461 | D:9      | Learned a level 1 spell: Slow
 13863 | D:9      | Found a staircase to the Lair.
 13892 | D:9      | Found a bloodstained altar of Trog.
 14056 | D:9      | Noticed Harold
 14082 | D:9      | Killed Harold
 14295 | D:9      | Learned a level 5 spell: Irradiate
 14353 | D:9      | Reached skill level 1 in Transmutations
 14461 | D:9      | Gained mutation: You are mostly covered in sharp spines.
                  | [demonic ancestry]
 14461 | D:9      | Reached XP level 11. HP: 66/82 MP: 20/20
 14675 | D:9      | Slain by an orc warrior

Illustrated notes

Levels and vault maps discovered:
D:1:      dpeg_chamrin_arrival_tetris, layout_loops_ring
D:2:      layout_rooms, chequers_ecumenical_altar_grove, basic_altar,
          hangedman_decor_push, uniq_sigmund, uniq_robin,
          uniq_crazy_yiuf_cottage, uniq_natasha
D:3:      layout_loops_ring, zin_academy, serial_shops, shop, eino_tiny_chamber
D:4:      layout_loops_ring, nicolae_wu_jian_glorious_leap,
          nicolae_dithmenos_through_a_glass_darkly, gammafunk_ghost_necromancy,
          solitary_fountain
D:5:      layout_basic, nicolae_qazlal_eye_of_the_storm, serial_bayou_lagoon_a,
          kennysheep_boxes
D:6:      layout_loops_corners, minmay_temple_entry_junction, corner_web_ring
D:7:      layout_basic, uniq_pikel
D:8:      layout_cave_pods, chequers_temple_overflow_statue_of_worship,
          ashenzari_altar_1, chequers_serial_rivers_large_b, uniq_maggie
D:9:      minmay_thinvault, layout_basic, fedhas_altar_1,
          mainiacjoe_overflow_small_starburst, mainiacjoe_overflow_brackets,
          erik_lair_orcish_takeover, uniq_harold
Temple:   hellmonk_temple_flake

Skill      XL: |  1  2  3  4  5  6  7  8  9 10 |
---------------+-------------------------------+-----
Dodging        | 2 3 4 5 6 |  6.3
Stealth        | 2 3 4 5 |  5.0
Fighting       | 1 2 3 5 6 |  6.3
Spellcasting   | 3 4 5 6 |  6.2
Hexes          | 1 2 3 4 5 |  5.2
Ranged Weapons | 1 2 3 4 5 |  5.4
Shields        | 1 3 |  3.0
Armour         | 1 2 3 |  3.0
Conjurations   | 5 6 7 |  7.8
Transmutations | 1 |  1.5

Action                   |  1- 3 |  4- 6 |  7- 9 | 10-12 || total
-------------------------+-------+-------+-------+-------++-------
Melee: Unarmed           |    27 |       |       |       ||    27
       Dagger            |    13 |    89 |    87 |       ||   189
       Punch             |       |     2 |       |       ||     2
       Spear             |       |       |   146 |   189 ||   335
Throw: Throwing net      |       |       |       |     2 ||     2
 Cast: Magic Dart        |    44 |    47 |   126 |    26 ||   243
       Searing Ray       |       |     3 |    13 |     9 ||    25
       Confusing Touch   |       |       |       |     7 ||     7
       Fulminant Prism   |       |       |       |     3 ||     3
Evoke: Wand              |       |       |       |     1 ||     1
  Use: Potion            |     1 |       |     6 |     2 ||     9
       Scroll            |     6 |       |    11 |     6 ||    23
 Stab: Sleeping          |     5 |     6 |     3 |       ||    14
       Paralysed         |       |       |       |     9 ||     9
       Confused          |       |       |       |     5 ||     5
Armor: Robe              |     6 |     3 |       |       ||     9
       Leather armour    |       |     1 |    23 |       ||    24
       Steam dragon scal |       |       |    35 |    40 ||    75
Dodge: Dodged            |    31 |    36 |   121 |   104 ||   292
Block: Other             |       |     8 |       |       ||     8
       Buckler           |       |     9 |   125 |    87 ||   221
